 Dungeon Crawl Stone Soup version 0.25-a0-504-g768f60da87 (webtiles) character file.

Game seed: 4913042273139982280, levelgen mode: deterministic

17 BeastOfSaturn the Grave Robber (level 2, -3/19 HPs)
             Began as a Demonspawn Necromancer on Feb 14, 2020.
             Slain by a howler monkey (5 damage)
             ... on level 2 of the Dungeon.
             The game lasted 00:07:28 (1330 turns).

BeastOfSaturn the Grave Robber (DsNe)               Turns: 1330, Time: 00:07:29

Health: -3/19      AC:  3    Str:  8    XL:     2   Next: 44%
Magic:  1/5        EV:  8    Int: 16    God:
Gold:   51         SH:  6    Dex: 13    Spells: 3/5 levels left

rFire    . . .     SeeInvis .   k - +0 spear
rCold    . . .     Gourm    .   l - +0 kite shield
rNeg     . . .     Faith    .   n - +0 leather armour
rPois    .         Spirit   .   (no helmet)
rElec    .         Reflect  .   (no cloak)
rCorr    .         Harm     .   (no gloves)
MR       .....                  (no boots)
Stlth    ++........             (no amulet)
HPRegen  0.06/turn              (no ring)
MPRegen  0.09/turn              (no ring)

@: very slightly contaminated
A: powered by death 1
a: no special abilities


You were on level 2 of the Dungeon.
You were not hungry.

You visited 1 branch of the dungeon, and saw 2 of its levels.

You collected 51 gold pieces.

Inventory:

Hand Weapons
 b - a +0 short sword
 k - a +0 spear (weapon)
Armour
 a - a +0 robe
 l - a +0 kite shield (worn)
 n - a +0 leather armour (worn)
Jewellery
 m - an uncursed amulet of faith {unknown}
Scrolls
 i - a scroll of enchant weapon {unknown}
 j - a scroll of magic mapping {unknown}
Potions
 f - a potion of resistance {unknown}
 h - a potion of might {unknown}
Comestibles
 c - 3 rations


   Skills:
 * Level 0.4 Armour
 + Level 1.8 Dodging
 - Level 1.7 Stealth
 + Level 2.0 Spellcasting
 * Level 5.0 Necromancy


You had 3 spell levels left.
You knew the following spells:

 Your Spells              Type           Power        Failure   Level  Hunger
a - Pain                  Necr           ###.         26%         1    #......
b - Animate Skeleton      Necr           N/A          26%         1    #......

Your spell library contained the following spells:

 Spells                   Type           Power        Failure   Level  Hunger
 Vampiric Draining        Necr           ###.......   61%         3    ###....
 Animate Dead             Necr           N/A          95%         4    #####..
 Agony                    Necr           ###.....     100%        5    ######.


Dungeon Overview and Level Annotations

Branches:
Dungeon (2/15)

Altars:


Innate Abilities, Weirdness & Mutations

You regenerate a little health from kills.


Message History

Aiming: Pain (safe; 26% risk of failure)
Press: ? - help, Shift-Dir - straight line, f/p - howler monkey
Aim: a howler monkey (heavily wounded, chance to defeat MR: 82%)
The howler monkey writhes in agony.
You block the howler monkey's attack.
The goblin shouts!
The howler monkey hits you.
Casting: Pain (safe; 26% risk of failure)
Confirm with . or Enter, or press ? or * to list all spells.
Aiming: Pain (safe; 26% risk of failure)
Press: ? - help, Shift-Dir - straight line, f/p - howler monkey
Aim: a howler monkey (severely wounded, chance to defeat MR: 82%)
The howler monkey writhes in agony.
You block the howler monkey's attack.
The howler monkey hoots and howls with incredible vigour!
The howler monkey hits you.
* * * LOW HITPOINT WARNING * * *
You hear a shout!
You hear a bark!
You hear a shout!
You hear a bark!
There is a stone staircase leading up here.
The howler monkey hits you.
You die...

#.....K.....##.#
#........##.##.#
#........##.##.#
.....###.##..#.#
..##.....###.#.######
#.....#####.........#
#..#.######...K.....#
#..%...........h....#
##..##....#..g..@...#
.... ....#.>...^...#
..#. ....#.........#
###. ....#.........#
.. ..#.........#
#...>.....#
##..####### ...# .#.#


You could see a howler monkey, a goblin and a kobold.

Vanquished Creatures
  A dart slug (D:1)
  A leopard gecko (D:1)
  A bat (D:1)
  2 goblins (D:1)
  2 hobgoblins (D:1)
  4 kobolds
  2 rats (D:1)
13 creatures vanquished.

Notes
Turn   | Place    | Note
-------+----------+-------------------------------------------
     0 | D:1      | BeastOfSaturn the Demonspawn Necromancer began the quest
                  | for the Orb.
     0 | D:1      | Reached XP level 1. HP: 13/13 MP: 3/3
   390 | D:1      | Gained mutation: You regenerate a little health from kills.
                  | [demonic ancestry]
   390 | D:1      | Reached XP level 2. HP: 12/19 MP: 0/5
   996 | D:1      | Learned a level 1 spell: Animate Skeleton
  1109 | D:1      | Reached skill level 5 in Necromancy
  1299 | D:2      | Noticed a howler monkey
  1330 | D:2      | Slain by a howler monkey

Levels and vault maps discovered:
D:1:      lightli_arrival_boilingwater, layout_loops_ring
D:2:      layout_rooms, chequers_ecumenical_altar_island

Skill      XL: |  1  2 |
---------------+-------+-----
Necromancy     | 5 |  5.0
Armour         | |  0.4
Dodging        | |  1.8
Stealth        | |  1.7
Spellcasting   | |  2.0

Action                   || total
-------------------------++-------
Melee: Unarmed           ||     1
       Spear             ||    11
       Short sword       ||     8
 Cast: Pain              ||    19
  Use: Scroll            ||     3
 Stab: Sleeping          ||     2
  Eat: Ration            ||     1
Armor: Robe              ||     1
       Leather armour    ||     1
Dodge: Dodged            ||    12
Block: Kite shield       ||     7

Table legend:
 A = Non-vault XP
 B = Vault XP
 C = Vault XP percentage of total XP
 D = Non-vault monster count
 E = Vault monster count
 F = Vault count percentage of total count
                 A         B        C        D         E       F
            +---------+---------+-------+---------+---------+-------
      Total |      25 |       0 |   0.0 |      13 |       0 |   0.0
            +---------+---------+-------+---------+---------+-------
        D:1 |      24 |       0 |   0.0 |      12 |       0 |   0.0
        D:2 |       1 |       0 |   0.0 |       1 |       0 |   0.0
            +---------+---------+-------+---------+---------+-------
